 Dungeon Crawl Stone Soup version 0.30-a0-867-g305f33218d (webtiles) character file.

Game seed: 16211008096155325576

407 domi the Covert (level 6, -7/41 HPs)
             Began as a Vampire Enchanter on Mar 10, 2023.
             Was a Follower of Uskayaw.
             Mangled by an ogre
             ... wielding a +0 giant club
              (19 damage)
             ... on level 5 of the Dungeon.
             The game lasted 00:07:02 (4367 turns).

domi the Covert (Vampire Enchanter)                 Turns: 4367, Time: 00:07:03

Health: -7/41      AC:  4    Str:  7    XL:     6   Next: 57%
Magic:  3/9        EV: 12    Int: 19    God:    Uskayaw [*.....]
Gold:   188        SH:  0    Dex: 15    Spells: 1/9 levels left

rFire   . . .      SeeInvis +    i - +4 dagger (drain)
rCold   . . .      Faith    .    (no shield)
rNeg    . . .      Spirit   .    b - +0 robe
rPois   .          Reflect  .    h - +2 hat
rElec   .          Rampage  .    (no cloak)
rCorr   .                        (no gloves)
Will    .....                    (no boots)
Stlth   ++++                     (no amulet)
HPRegen 0.46/turn                (no ring)
MPRegen 0.11/turn                (no ring)

@: healing quickly
A: alive, fangs 3, see invisible, vampiric 2
a: Exsanguinate, Renounce Religion, Stomp


You were on level 5 of the Dungeon.
You worshipped Uskayaw.
Uskayaw was noncommittal.
You visited 2 branches of the dungeon, and saw 6 of its levels.
You also visited: Sewer.

You collected 188 gold pieces.

Inventory:

Hand Weapons
 a - a +1 dagger
 i - a +4 dagger of draining (weapon)
   (You took it off a goblin on level 1 of the Dungeon)
Armour
 b - a +0 robe (worn)
 h - a +2 hat (worn)
   (You found it on level 1 of the Dungeon)
Magical Staves
 l - a staff of air {rElec}
   (You found it on level 2 of the Dungeon)
Scrolls
 d - a scroll of enchant armour
 f - a scroll of identify {@r1}
 k - 2 scrolls of noise {!r}
 n - a scroll of fear
 q - a scroll of fog
Potions
 c - 2 potions of heal wounds {@q2}
 e - a potion of curing {@q1}
 g - a potion of brilliance
 j - a potion of resistance
 m - a potion of berserk rage {!q!q}
 o - 2 potions of degeneration {!q}
 p - a potion of haste {@q3}
 r - 2 potions of flight


   Skills:
 - Level 1.1 Short Blades
 - Level 2.1 Dodging
 * Level 8.8 Stealth
 - Level 2.0 Spellcasting
 * Level 8.2 Hexes


You had one spell level left.
You knew the following spells:

 Your Spells              Type           Power      Damage    Failure   Level
x - Tukima's Dance        Hex            33%        N/A       1%          3
z - Ensorcelled Hibernat  Hex/Ice        34%        N/A       4%          2
Z - Confusing Touch       Hex            33%        N/A       1%          3

Your spell library contained the following spells:

 Spells                   Type           Power      Damage    Failure   Level
 Dazzling Flash           Conj/Hex       34%        N/A       10%         3
 Ozocubu's Armour         Ice            1%         N/A       45%         3
 Manifold Assault         Tloc           1%         N/A       86%         4
 Dispersal                Tloc           0%         N/A       100%        6
 Ozocubu's Refrigeration  Ice            0%         4d7       100%        7
 Disjunction              Tloc           0%         N/A       100%        8


Dungeon Overview and Level Annotations

Branches:
Dungeon (5/15)             Temple (1/1) D:4           Sewer (visited)

Altars:
Ashenzari
Cheibriados
Dithmenos
Gozag
Hepliaklqana
Kikubaaqudgha
Nemelex Xobeh
Okawaru
Qazlal
Sif Muna
Trog
Uskayaw
Vehumet
Wu Jian
Xom
Yredelemnul

Shops:
D:1 !   D:3 [


Innate Abilities, Weirdness & Mutations

Your natural rate of healing is accelerated.
You have razor-sharp teeth.
You have supernaturally acute eyesight. (SInv)
You are afflicted with vampirism and can become a bat while bloodless.


Message History

There is an open door here.
There is an open door here.
There is an open door here.
You open the door.
There is an open door here.
There is a stone staircase leading down here.
You climb downwards.
Found a stone staircase leading down.
There is a stone staircase leading up here.
As you read the scroll labelled IPAORPHEKER, it crumbles to dust.
It is a scroll of identify.
e - a potion of curing
As you read the scroll labelled KOPALEGYMU, it crumbles to dust.
It is a scroll of enchant armour.
Your +1 hat glows green for a moment.
As you read the scroll labelled NEDDEI JUWEILEAN, it crumbles to dust.
It is a scroll of brand weapon.
Your +4 dagger craves living souls!
i - a +4 dagger of draining (weapon)
Blink to where?
Are you sure you want to cancel this blink?
Okay, then.
As you read the scroll labelled QERHOYSEIN, it crumbles to dust.
It was a scroll of blinking.
As you read the scroll labelled WUBRUU ECIUKHLU, it crumbles to dust.
You assume a fearsome visage.
Nothing appears to happen.
It was a scroll of fear.
As you read the scroll labelled WUKKOA ALYDGH, it crumbles to dust.
Magic quickly surges around you.
It was a scroll of vulnerability.
Okay, then.
As you read the scroll of identify {@r1}, it crumbles to dust.
j - a potion of resistance
As you read the scroll of identify {@r1}, it crumbles to dust.
o - 2 potions of degeneration
There is a stone staircase leading down here.
You feel your willpower return.
Found an iron altar of Okawaru.
Found a stone staircase leading down.
k - a scroll labelled LISITU QYMEGOV
p - a fuming brown potion
k - 2 scrolls labelled LISITU QYMEGOV (gained 1)
A sleepcap comes into view.
Found a stone staircase leading up.
A sleepcap is nearby!
A sleepcap is nearby!
A sleepcap is nearby!
You can't see any susceptible monsters within range! (Use Z to cast anyway.) Unknown command.
Your hands begin to glow red.
The sleepcap closely misses you.
You hit the sleepcap but do no damage. The sleepcap closely misses you.
You hit the sleepcap but do no damage.
The sleepcap appears confused.
The sleepcap closely misses you.
The sleepcap releases spores at itself.
You hit the sleepcap but do no damage.
You catch the helpless sleepcap completely off-guard!
You puncture the sleepcap! The sleepcap misses you.
You hit the sleepcap but do no damage. You drain the sleepcap.
You bite the sleepcap, but do no damage.
You hit the sleepcap.
You can now pass through a line of other dancers.
You hit the sleepcap.
You destroy the sleepcap!
An ogre comes into view. It is wielding a +0 giant club.
The ogre shouts!
An ogre is nearby!
An ogre is nearby!
An ogre is nearby!
Aim: an ogre, wielding a +0 giant club (chance to affect: 50%)
The ogre looks drowsy...
The ogre shouts!
The ogre hits you with a +0 giant club!!
Ouch! That really hurt!
* * * LOW HITPOINT WARNING * * *
You feel much better.
Your hands begin to glow red.
The ogre hits you with a +0 giant club!!
* * * LOW HITPOINT WARNING * * *
You barely miss the ogre. You bite the ogre. The ogre barely misses you.
You barely miss the ogre. You hit the ogre but do no damage.
The ogre closely misses you.
You hit the ogre but do no damage.
The ogre appears confused.
The ogre closely misses you.
You start resting.
An ogre is nearby!
You aren't carrying any items that you can evoke.
Okay, then.
As you read the scroll of identify {@r1}, it crumbles to dust.
p - a potion of haste
As you read the scroll of identify {@r1}, it crumbles to dust.
k - 2 scrolls of noise
Aim: an ogre, wielding a +0 giant club (chance to affect: 50%)
The ogre resists with some effort.
Aim: an ogre, wielding a +0 giant club (chance to affect: 50%)
The ogre resists with some effort.
The ogre hits you with a +0 giant club!!
Ouch! That really hurt!
* * * LOW HITPOINT WARNING * * *
Aim: an ogre, wielding a +0 giant club (chance to affect: 50%)
The ogre resists with some effort.
The ogre hits you with a +0 giant club!!
You die...

#############
#...@O......#
#.#########.#
#############.#
#.#
..............#
#.#
###############
#O########
#.........
#..#######
######..########
#..........O...#


You could see an ogre.

Vanquished Creatures
  2 kobold brigands (Sewer)
  A jelly (D:4)
  A sleepcap (D:5)
  3 gnolls (D:3)
  4 adders
  3 river rats
  2 worms (D:2)
  2 dart slugs (D:3)
  10 orcs
  3 endoplasms
  6 giant cockroaches
  11 goblins
  7 hobgoblins
  9 jackals
  9 kobolds
  3 quokkas
  7 ball pythons
  4 bats
  4 frilled lizards
  8 rats
99 creatures vanquished.

Vanquished Creatures (others)
  A jackal (Sewer)
1 creature vanquished.

Grand Total: 100 creatures vanquished

Notes
Turn   | Place    | Note
-------+----------+-------------------------------------------
     0 | D:1      | domi the Vampire Enchanter began the quest for the Orb.
     0 | D:1      | Reached XP level 1. HP: 13/13 MP: 3/3
   232 | D:1      | Found Harou's Distillery.
   271 | D:1      | Reached XP level 2. HP: 9/19 MP: 5/5
   277 | D:1      | Reached skill level 5 in Stealth
   330 | D:1      | Reached skill level 5 in Hexes
   549 | D:1      | Found a faded altar of an unknown god.
   976 | D:2      | Gained mutation: You are afflicted with vampirism and can
                  | become a bat while bloodless. [Vampire growth]
   976 | D:2      | Reached XP level 3. HP: 24/24 MP: 6/6
   979 | D:2      | Learned a level 2 spell: Ensorcelled Hibernation
   983 | D:2      | Learned a level 3 spell: Confusing Touch
  1293 | D:2      | Reached skill level 6 in Stealth
  1368 | D:2      | Reached XP level 4. HP: 30/30 MP: 7/7
  1526 | D:2      | Reached skill level 6 in Hexes
  1909 | D:3      | Found Aduyluoc's Antique Armour Boutique.
  2186 | D:3      | Reached skill level 7 in Stealth
  2210 | D:3      | Reached XP level 5. HP: 29/35 MP: 8/8
  2432 | D:3      | Learned a level 3 spell: Tukima's Dance
  2577 | D:4      | Found a glowing drain.
  2601 | D:4      | Reached skill level 7 in Hexes
  2639 | Sewer    | Entered a sewer
  2731 | Sewer    | Reached skill level 8 in Stealth
  2731 | Sewer    | Reached XP level 6. HP: 17/41 MP: 9/9
  2743 | Sewer    | Reached skill level 8 in Hexes
  2894 | D:4      | Found a staircase to the Ecumenical Temple.
  2901 | Temple   | Entered the Ecumenical Temple
  3141 | Temple   | Became a worshipper of Uskayaw the Reveller
  3427 | D:4      | Reached * piety under Uskayaw
  3824 | D:4      | Found a radiant altar of Vehumet.
  3935 | D:4      | Found an opulent altar of Gozag.
  3935 | D:4      | Found a stormy altar of Qazlal.
  4113 | D:5      | Entered Level 5 of the Dungeon
  4218 | D:5      | Found an iron altar of Okawaru.
  4253 | D:5      | Reached ** piety under Uskayaw
  4292 | D:5      | HP: 7/41 [ogre/+0 giant club (34)]
  4367 | D:5      | Mangled by an ogre

Illustrated notes

Levels and vault maps discovered:
D:1:      dpeg_cavernosity, layout_basic, shapermc_ecumenical_altar_flowoftime,
          serial_shops, nicolae_shop_trees
D:2:      layout_loops_corners, corexii_hall_statues_i,
          kennysheep_generic_room_14
D:3:      layout_basic, serial_shops, shop
D:4:      layout_basic, zin_academy, gammafunk_temple_overflow_elements,
          mainiacjoe_overflow_surrounded_room, minmay_temple_entry_tees,
          portal_sewer_entry_b
D:5:      layout_loops_ring, nicolae_tso_swordbearing_angel,
          mainiacjoe_overflow_paths, minivault_27
Temple:   nicolae_temple_figure_eight

Skill      XL: |  1  2  3  4  5  6 |
---------------+-------------------+-----
Stealth        | 5 6 7 8 |  8.8
Hexes          | 5 6 7 8 |  8.2
Short Blades   | |  1.1
Dodging        | |  2.1
Spellcasting   | |  2.0

Action                     |  1- 3 |  4- 6 || total
---------------------------+-------+-------++-------
  Melee: Dagger            |    91 |   169 ||   260
         Bite              |     6 |    13 ||    19
         Punch             |     1 |     2 ||     3
   Cast: Ensorcelled Hiber |       |     5 ||     5
         Confusing Touch   |       |     2 ||     2
    Use: Potion            |     1 |     4 ||     5
         Scroll            |       |    12 ||    12
   Stab: Sleeping          |     9 |    17 ||    26
         Invisible         |     3 |     3 ||     6
         Confused          |       |     1 ||     1
 Armour: Robe              |    22 |    24 ||    46
  Dodge: Dodged            |    71 |   111 ||   182

Table legend: (Time is in decaauts)
 A = Elapsed time spent in this place.
 B = Non-inter-level travel time spent in this place.
 C = Inter-level travel time spent in this place.
 D = Time resting spent in this place.
 E = Time spent auto-exploring this place.
 F = Levels seen in this place.
 G = Mean time per level.
                   A        B        C        D        E       F      G
               +--------+--------+--------+--------+--------+-----+--------+
         Total |   4391 |   4239 |    152 |     82 |   3401 |   7 |  627.3 |
       Dungeon |   3893 |   3782 |    111 |     48 |   3052 |   5 |  778.6 |
        Temple |    250 |    209 |     41 |      0 |    207 |   1 |  250.0 |
         Sewer |    247 |    247 |      0 |     34 |    141 |   1 |  247.0 |
               +--------+--------+--------+--------+--------+-----+--------+

Top non-repeatable levels by time:
     D:4: 1222 daAuts
     D:2: 997 daAuts
     D:1: 826 daAuts
     D:3: 626 daAuts
  Temple: 250 daAuts
   Sewer: 247 daAuts
     D:5: 220 daAuts

Table legend:
 A = Kills in this place as a percentage of kills in the entire game.
 B = Kills by you in this place as a percentage of kills by you in the entire game.
 C = Kills by friends in this place as a percentage of kills by friends in the entire game.
 D = Other kills in this place as a percentage of other kills in the entire game.
 E = Experience gained in this place as a percentage of experience gained in the entire game.
 F = Experience gained in this place divided by the number of levels of this place that you have seen.
                   A       B       C       D       E      F
               +-------+-------+-------+-------+-------+----------------------
         Total | 100.0 | 100.0 |   N/A |   N/A | 100.0 |  83.1
       Dungeon |  89.9 |  89.9 |   N/A |   N/A |  61.7 |  71.8
         Sewer |  10.1 |  10.1 |   N/A |   N/A |  38.3 | 223.0
               +-------+-------+-------+-------+-------+----------------------
